 Dungeon Crawl Stone Soup version 0.21-a0-401-g0b6bec4 (webtiles) character file.

42 Hasart the Stinger (level 3, -2/22 HPs)
             Began as an Octopode Venom Mage on Oct 21, 2017.
             Slain by a bullfrog (5 damage)
             ... on level 2 of the Dungeon.
             The game lasted 00:02:51 (1553 turns).

Hasart the Stinger (Octopode Venom Mage)            Turns: 1553, Time: 00:02:51

Health: -2/22      AC:  1    Str:  7    XL:     3   Next: 56%
Magic:  6/6        EV: 13    Int: 18    God:
Gold:   95         SH:  0    Dex: 12    Spells: 3/6 levels left

rFire    . . .     SeeInvis .   d - +0 hand axe (curse)
rCold    . . .     Gourm    .   (no shield)
rNeg     . . .     Faith    .   (helmet restricted)
rPois    .         Spirit   .   (no amulet)
rElec    .         Reflect  .   (no ring)
rCorr    .         Harm     .   (no ring)
MR       .....                  (no ring)
Stlth    +++.......             (no ring)
HPRegen  0.07/turn              (no ring)
MPRegen  0.10/turn              (no ring)
                                (no ring)
                                (no ring)

@: lethally poisoned (-2 -> -6)
A: almost no armour, stealthy swim, amphibious, 8 rings, constrict 8, camouflage
1, gelatinous body 1
a: no special abilities


You were on level 2 of the Dungeon.
You were not hungry.

You visited 1 branch of the dungeon, and saw 2 of its levels.

You collected 95 gold pieces.

Inventory:

Hand Weapons
 d - a cursed +0 hand axe (weapon)
 e - a +1 dagger of electrocution
Scrolls
 h - 3 scrolls of identify {unknown}
 i - a scroll of remove curse {unknown}
 j - a scroll of teleportation
Books
 a - a Young Poisoner's Handbook

   Spells                             Type                      Level
   a - Sting                          Conjuration/Poison           1
   b - Poisonous Vapours              Poison/Air                   2
   c - Mephitic Cloud                 Conjuration/Poison/Air       3
   d - Olgreb's Toxic Radiance        Poison                       4
   e - Venom Bolt                     Conjuration/Poison           5
Comestibles
 b - 4 bread rations
 c - 5 fruits
 g - 3 royal jellies


   Skills:
 - Level 0.7 Fighting
 - Level 0.1 Axes
 - Level 2.3 Dodging
 - Level 3.1 Stealth
 + Level 2.4 Spellcasting
 + Level 1.1 Conjurations
 * Level 4.2 Poison Magic


You had 3 spell levels left.
You knew the following spells:

 Your Spells              Type           Power        Failure   Level  Hunger
a - Sting                 Conj/Pois      ##..         6%          1    #......
b - Poisonous Vapours     Pois/Air       #.....       11%         2    ##.....


Dungeon Overview and Level Annotations

Branches:
Dungeon (2/15)

Altars:


Innate Abilities, Weirdness & Mutations

You cannot wear most types of armour.
You are very stealthy in the water. (Stealth+)
You are amphibious.
You can wear up to eight rings at the same time.
You can use your tentacles to constrict eight enemies at once.
Your skin changes colour to match your surroundings (Stealth+).
Your rubbery body absorbs attacks. (AC +1, EV +1)


Message History

The adder is severely wounded.
You hit the rat but do no damage. You hit the kobold.
You completely miss the bullfrog. You hit the adder but do no damage.
You constrict the adder. The bullfrog barely misses you. The adder bites you.
The adder closely misses you. The rat closely misses you.
The bullfrog closely misses you. The adder closely misses you.
The kobold hits you. The adder bites you.
You are poisoned.
The adder poisons you!
You hit the adder.
You kill the adder!
You barely miss the rat. You barely miss the kobold. You hit the bullfrog.
You hit the adder but do no damage.
You feel sick. The bat barely misses you. The bullfrog hits you!
* * * LOW HITPOINT WARNING * * *
The rat bites you.
* * * LOW HITPOINT WARNING * * *
The adder barely misses you. The kobold closely misses you.
The bullfrog hits you.
You die...

#....##.# #######
####...##... .......
#..........# .......
###.......##.# ...?...
##....>..#.#...
.......####.............#
.......l...?#.#..........
$......r#K....#..........
.......(@.......)........
......bSF.##.......##.>..
................##....)..
.........#...########..<.
...........### #.(..
......(..### #....
.........# #....
.>.......# #####


You could see a bullfrog, an adder, a bat, a kobold, a frilled lizard and a rat.

Vanquished Creatures
  An adder (D:2)
  A worm (D:1)
  2 dart slugs (D:1)
  A leopard gecko (D:1)
  A ball python (D:1)
  3 goblins (D:1)
  3 hobgoblins
  3 bats (D:1)
  2 frilled lizards (D:1)
  7 kobolds
  4 rats (D:1)
28 creatures vanquished.

Notes
Turn   | Place    | Note
-------+----------+-------------------------------------------
     0 | D:1      | Hasart the Octopode Venom Mage began the quest for the Orb.
     0 | D:1      | Reached XP level 1. HP: 11/11 MP: 3/3
   293 | D:1      | Reached XP level 2. HP: 9/17 MP: 5/5
   454 | D:1      | Learned a level 2 spell: Poisonous Vapours
   808 | D:1      | Reached XP level 3. HP: 22/22 MP: 6/6
  1259 | D:1      | Reached skill level 4 in Poison Magic
  1541 | D:2      | Noticed a bullfrog
  1553 | D:2      | Slain by a bullfrog

Vault maps used:
D:1:      lemuel_arrival_hallway
D:2:      lemuel_blue_sif_altar, first_bread

Skill      XL: |  1  2  3 |
---------------+----------+-----
Stealth        | 3 |  3.1
Poison Magic   | 4 |  4.2
Fighting       | |  0.7
Axes           | |  0.1
Dodging        | |  2.3
Spellcasting   | |  2.4
Conjurations   | |  1.1

Action                   || total
-------------------------++-------
Melee: Hand axe          ||    71
       Constrict         ||    23
       Tentacles         ||     9
 Cast: Sting             ||     5
       Poisonous Vapours ||     2
  Use: Scroll            ||     2
       Potion            ||     1
 Stab: Sleeping          ||     5
  Eat: Chunk             ||     2
Armor: Skin              ||    12
Dodge: Dodged            ||    90

Table legend:
 A = Spawn XP
 B = Non-spawn XP
 C = Spawn XP percentage of total XP
 D = Spawn monster count
 E = Non-spawn monster count
 F = Spawn count percentage of total count
 G = Total turns spent on level
                    A         B        C        D         E        F      G
               +---------+---------+-------+---------+---------+-------+---------
         Total |       0 |      61 |   0.0 |       0 |      28 |   0.0 |  1553
               +---------+---------+-------+---------+---------+-------+---------
           D:1 |       0 |      41 |   0.0 |       0 |      23 |   0.0 |  1447
           D:2 |       0 |      20 |   0.0 |       0 |       5 |   0.0 |   106
               +---------+---------+-------+---------+---------+-------+---------
